 Dungeon Crawl Stone Soup version 0.27-a0-988-g25969acef8 (webtiles) character file.

Game seed: 9118243227870712867

707 Lanoc the Slasher (level 7, -2/48 HPs)
             Began as a Vampire Fighter on Apr 15, 2021.
             Was a Plaything of Xom.
             Slain by a water moccasin (7 damage)
             ... on level 5 of the Dungeon.
             The game lasted 00:06:11 (3753 turns).

Lanoc the Slasher (Vampire Fighter)                 Turns: 3753, Time: 00:06:12

Health: -2/48      AC: 15    Str: 15    XL:     7   Next: 40%
Magic:  7/7        EV:  8    Int: 13    God:    Xom [...*..]
Gold:   143        SH:  9    Dex: 13    Spells: 6/6 levels left

rFire    + . .     SeeInvis +   a - +0 long sword
rCold    . . .     Faith    .   c - +0 kite shield
rNeg     . . .     Spirit   .   b - +0 scale mail
rPois    .         Reflect  .   q - +2 helmet
rElec    .         Harm     .   i - +0 cloak
rCorr    .         Rampage  .   (no gloves)
Will     .....                  g - +1 pair of boots
Stlth    ..........             (no amulet)
HPRegen  0.36/turn              (no ring)
MPRegen  0.10/turn              (no ring)

@: mighty, lethally poisoned (-2 -> -13), unable to read, regenerating quickly
A: alive, fangs 3, see invisible, unbreathing 1, vampiric 2, iridescent scales
1, clever 1, clumsy 1, fire resistance 1, frail 1, inability to read while
threatened
a: Exsanguinate, Renounce Religion


You were on level 5 of the Dungeon.
You worshipped Xom.
You were a favourite toy of Xom.
You visited 1 branch of the dungeon, and saw 5 of its levels.

You collected 143 gold pieces.

Inventory:

Hand Weapons
 a - a +0 long sword (weapon)
Armour
 b - a +0 scale mail (worn)
 c - a +0 kite shield (worn)
 g - a +1 pair of boots (worn)
 i - a +0 cloak (worn)
 q - a +2 helmet (worn)
Wands
 s - a wand of acid (11)
Scrolls
 f - 2 scrolls of vulnerability {unknown}
 h - a scroll of noise {unknown}
 j - a scroll of immolation {unknown}
 l - a scroll of amnesia {unknown}
 m - 2 scrolls of blinking {unknown}
 o - 5 scrolls of identify {unknown}
Potions
 d - 2 potions of might
 e - a potion of heal wounds {unknown}
 k - a potion of cancellation
 n - 2 potions of lignification {unknown}
 p - a potion of mutation {unknown}
 r - 4 potions of attraction {unknown}
 t - a potion of curing


   Skills:
 + Level 4.1 Fighting
 * Level 5.1 Long Blades
 + Level 3.6 Armour
 + Level 3.3 Dodging
 - Level 4.0 Shields


You had 6 spell levels left.
You didn't know any spells.
Your spell library contained the following spells:

 Spells                   Type           Power      Damage    Failure   Level
 Corona                   Hex            0%         N/A       99%         1
 Shock                    Conj/Air       0%         1d3       99%         1
 Slow                     Hex            0%         N/A       100%        2
 Static Discharge         Conj/Air       0%         N/A       100%        2
 Inner Flame              Hex/Fire       0%         N/A       100%        3
 Portal Projectile        Hex/Tloc       0%         N/A       100%        3
 Swiftness                Air            0%         N/A       100%        3
 Airstrike                Air            0%         N/A       100%        4
 Cause Fear               Hex            0%         N/A       100%        4
 Leda's Liquefaction      Hex/Erth       0%         N/A       100%        4
 Lightning Bolt           Conj/Air       0%         1d11      100%        5


Dungeon Overview and Level Annotations

Branches:
Dungeon (5/15)
 Temple: D:4-7

Altars:
Gozag
Qazlal
Xom


Innate Abilities, Weirdness & Mutations

Your natural rate of healing is unusually fast.
You have razor-sharp teeth.
You have supernaturally acute eyesight. (SInv)
You can survive without breathing.
You are afflicted with vampirism and can become a bat while bloodless.
You are partially covered in iridescent scales. (AC +2)
Your mind is acute. (Int +2)
You are clumsy. (Dex -2)
Your flesh is heat resistant. (rF+)
You are frail. (-10% HP)
You sometimes lose the ability to read scrolls when taking damage.


Message History

You feel very sick.
The water moccasin bites you but does no damage.
You block the water moccasin's attack.
You miss the water moccasin. You bite the water moccasin.
The water moccasin is moderately wounded.
You feel very sick. You block the water moccasin's attack.
The water moccasin bites you.
You miss the water moccasin.
The water moccasin is moderately wounded.
You feel sick. The water moccasin barely misses you.
The water moccasin bites you but does no damage.
You barely miss the water moccasin.
The water moccasin is moderately wounded.
You feel sick. You block the water moccasin's attack.
You hit the water moccasin. Your bite misses the water moccasin.
The water moccasin is severely wounded.
You feel sick. The water moccasin bites you.
You emit a cloud of colourful smoke!
You are more poisoned.
The water moccasin poisons you! The water moccasin bites you.
You are lethally poisoned!
The water moccasin poisons you!
You feel very mighty all of a sudden.
You feel extremely sick. You block the water moccasin's attack.
The water moccasin barely misses you.
You riposte.
You barely miss the water moccasin.
The water moccasin is severely wounded.
You barely miss the water moccasin.
The water moccasin is severely wounded.
* * * LOW HITPOINT WARNING * * *
You feel extremely sick.
You block the water moccasin's attack. x2
You miss the water moccasin.
The water moccasin is severely wounded.
* * * LOW HITPOINT WARNING * * *
You feel very sick.
The water moccasin bites you but does no damage.
The water moccasin bites you!
You feel threatened and lose the ability to read scrolls!
You die...

############ #######
#...S@§....## #......
#....§§§.....## #).....
#......§.○.....# #......
#..............# #......
#..............# ####.##
#........(.....# #..##
#..............#####.###
##.............†>.....#.
.>......#..........


You could see a water moccasin.

Vanquished Creatures
  An ice beast (D:4)
  Purgy (D:3)
  2 scorpions
  An orc priest (D:3)
  3 iguanas
  4 orc wizards (D:4)
  A hound skeleton (D:4)
  9 adders
  An ufetubus (D:4)
  A worm (D:2)
  5 dart slugs
  9 orcs
  4 bats
  8 endoplasms
  3 giant cockroaches
  4 goblins
  10 hobgoblins
  14 jackals
  7 kobolds
  2 quokkas
  6 ball pythons
  9 frilled lizards
  3 rats
108 creatures vanquished.

Notes
Turn   | Place    | Note
-------+----------+-------------------------------------------
     0 | D:1      | Lanoc the Vampire Fighter began the quest for the Orb.
     0 | D:1      | Reached XP level 1. HP: 17/17 MP: 1/1
    60 | D:1      | Reached XP level 2. HP: 21/23 MP: 2/2
   290 | D:1      | Found a faded altar of an unknown god.
   298 | D:1      | Gained mutation: You are afflicted with vampirism and can
                  | become a bat while bloodless. [Vampire growth]
   298 | D:1      | Reached XP level 3. HP: 25/28 MP: 3/3
   305 | D:1      | Reached skill level 1 in Dodging
   312 | D:1      | Became a worshipper of Xom the Capricious
   800 | D:2      | Reached skill level 3 in Long Blades
   980 | D:2      | XOM: silly message
   987 | D:2      | Reached XP level 4. HP: 27/35 MP: 4/4
  1186 | D:2      | XOM: enchant monster (good)
  1374 | D:2      | XOM: silly message
  1436 | D:2      | XOM: polymorph giant cockroach -> adder
  2031 | D:3      | XOM: give mutations
  2031 | D:3      | Gained mutation: You have large cloven feet. [Xom's
                  | mischief]
  2031 | D:3      | Lost mutation: You have large cloven feet. [Xom's mischief]
  2031 | D:3      | Gained mutation: You sometimes lose the ability to read
                  | scrolls when taking damage. [Xom's mischief]
  2031 | D:3      | Gained mutation: You are frail. (-10% HP) [Xom's mischief]
  2292 | D:3      | Noticed Purgy
  2308 | D:3      | Killed Purgy
  2309 | D:3      | Reached XP level 5. HP: 19/36 MP: 5/5
  2536 | D:3      | Reached skill level 4 in Long Blades
  2536 | D:3      | Reached XP level 6. HP: 39/42 MP: 6/6
  2606 | D:4      | HP: 2/42 [poisoned by an orc wizard]
  2676 | D:3      | XOM: give mutations
  2676 | D:3      | Gained mutation: You are partially covered in iridescent
                  | scales. (AC +2) [Xom's grace]
  2676 | D:3      | Gained mutation: Your mind is acute. (Int +2) [Xom's grace]
  2676 | D:3      | Gained mutation: Your flesh is heat resistant. (rF+) [Xom's
                  | grace]
  2676 | D:3      | Gained mutation: You evolve. [Xom's grace]
  2836 | D:4      | Noticed an ice beast
  2850 | D:4      | XOM: enchant monster (good)
  2861 | D:4      | XOM: give mutation
  2861 | D:4      | Gained mutation: You are clumsy. (Dex -2) [Xom's mischief]
  2867 | D:4      | Killed an ice beast
  2881 | D:4      | Reached XP level 7. HP: 46/47 MP: 7/7
  3117 | D:4      | XOM: summons 1 hostile shadow creature
  3443 | D:4      | Reached skill level 5 in Long Blades
  3504 | D:4      | XOM: give mutation
  3504 | D:4      | Lost mutation: You evolve. [Xom's mischief]
  3548 | D:5      | Entered Level 5 of the Dungeon
  3574 | D:5      | XOM: cleaving
  3651 | D:5      | Found an opulent altar of Gozag.
  3656 | D:5      | Found a stormy altar of Qazlal.
  3750 | D:5      | XOM: smoke on damage
  3753 | D:5      | Slain by a water moccasin

Illustrated notes

Levels and vault maps discovered:
D:1:      wander_arrival_estate, layout_basic, basic_ecumenical_altar,
          minmay_strange_pillars
D:2:      layout_basic
D:3:      layout_basic, uniq_purgy
D:4:      layout_layer_cave, kennysheep_potato
D:5:      layout_rooms, minitemple

Skill      XL: |  1  2  3  4  5  6  7 |
---------------+----------------------+-----
Dodging        | 1 2 3 |  3.3
Shields        | 3 4 |  4.0
Fighting       | 3 4 |  4.1
Long Blades    | 3 4 5 |  5.1
Armour         | 3 |  3.6

Action                   |  1- 3 |  4- 6 |  7- 9 || total
-------------------------+-------+-------+-------++-------
Melee: Long sword        |   115 |   187 |   101 ||   403
       Bite              |     6 |    25 |    11 ||    42
  Use: Potion            |       |     4 |     1 ||     5
Armor: Scale mail        |    62 |   127 |    45 ||   234
Dodge: Dodged            |    40 |    73 |    36 ||   149
Block: Kite shield       |    71 |   109 |    54 ||   234
       Rpst.: Long sword |    10 |    16 |    15 ||    41

Table legend: (Time is in decaauts)
 A = Elapsed time spent in this place.
 B = Non-inter-level travel time spent in this place.
 C = Inter-level travel time spent in this place.
 D = Time resting spent in this place.
 E = Time spent auto-exploring this place.
 F = Levels seen in this place.
 G = Mean time per level.
                   A        B        C        D        E       F      G
               +--------+--------+--------+--------+--------+-----+--------+
         Total |   3937 |   3854 |     83 |    131 |   2815 |   5 |  787.4 |
       Dungeon |   3937 |   3854 |     83 |    131 |   2815 |   5 |  787.4 |
               +--------+--------+--------+--------+--------+-----+--------+

Top non-repeatable levels by time:
     D:3: 1147 daAuts
     D:2: 1058 daAuts
     D:4: 906 daAuts
     D:1: 611 daAuts
     D:5: 213 daAuts
